 Dungeon Crawl Stone Soup version 0.30-a0-782-ge64f9170bb (webtiles) character file.

Game seed: 16380294348991758042

352 sanka the Shooter (level 6, -2/53 HPs)
             Began as a Demigod Hunter on Feb 28, 2023.
             Killed by divine providence
             ... invoked by an orc priest
              (10 damage)
             ... on level 4 of the Dungeon.
             The game lasted 00:07:39 (3458 turns).

sanka the Shooter (Demigod Hunter)                  Turns: 3458, Time: 00:07:39

Health: -2/53      AC:  7    Str: 16    XL:     6   Next: 12%
Magic:  8/8        EV: 27    Int: 11    God:
Gold:   206        SH:  0    Dex: 25    Spells: 5/5 levels left

rFire   + + .      SeeInvis .    i - +6 lajatang "Zeach" {heavy, rN+}
rCold   + . .      Faith    .    (shield currently unavailable)
rNeg    + + .      Spirit   .    c - +0 leather armour
rPois   +          Reflect  .    (no helmet)
rElec   .          Harm     .    (no cloak)
rCorr   .          Rampage  .    (no gloves)
Will    .....                    (no boots)
Stlth   ++                       s - amulet of the acrobat
HPRegen 0.28/turn                q - ring "Rexaih" {rPois rF++ rC+ rN+ Str+4}
MPRegen 0.11/turn                n - +4 ring of protection

@: acrobatic
A: high MP 1, forlorn, divine attributes
a: no special abilities


You were on level 4 of the Dungeon.
You visited 1 branch of the dungeon, and saw 4 of its levels.

You collected 1225 gold pieces.
You spent 1019 gold pieces at shops.


Innate Abilities, Weirdness & Mutations

You have an increased reservoir of magic. (+10% MP)
You shall have no god before yourself.
Your divine heritage dramatically boosts your attributes as you level up.


   Skills:
 + Level 4.7 Fighting
 + Level 0.5 Staves
 - Level 5.2 Ranged Weapons
 - Level 1.7 Dodging
 - Level 0.8 Stealth


You had 5 spell levels left.
You didn't know any spells.
Your spell library contained the following spells:

 Spells                   Type           Power      Damage    Failure   Level
 Ozocubu's Armour         Ice            0%         N/A       78%         3
 Fireball                 Conj/Fire      0%         3d3       100%        5
 Iskenderun's Battlesphe  Conj           0%         2d6       100%        5
 Conjure Ball Lightning   Conj/Air       0%         3x3d6     100%        6
 Orb of Destruction       Conj           0%         9d5       100%        7
 Ozocubu's Refrigeration  Ice            0%         4d7       100%        7

Inventory:

Hand Weapons
 a - a +0 shortbow
 i - the +6 lajatang "Zeach" (weapon) {heavy, rN+} rN: It protects you from negative energy.
 l - a +0 flail of draining
Armour
 c - a +0 leather armour (worn)
Magical Staves
 t - a staff of poison
Jewellery
 e - a +6 ring of intelligence
 n - a +4 ring of protection (right hand)
 q - the ring "Rexaih" (left hand) {rPois rF++ rC+ rN+ Str+4}

   [ring of positive energy]

   Str:       It affects your strength (+4).
   rF:        It greatly protects you from fire.
   rC:        It protects you from cold.
   rPois:     It protects you from poison.
   rN:        It protects you from negative energy.
 s - an amulet of the acrobat (around neck)
Scrolls
 b - a scroll of immolation {!r}
 f - 2 scrolls of vulnerability {!r}
 h - 4 scrolls of blinking
 o - a scroll of amnesia
 r - 2 scrolls of magic mapping
 v - a scroll of enchant weapon
 w - 2 scrolls of noise {!r}
Potions
 d - a potion of invisibility {unknown}
 g - a potion of heal wounds {unknown}
 j - 3 potions of curing {@q1}
 k - a potion of brilliance {unknown}
 m - 2 potions of lignification {unknown}
 p - a potion of haste {@q3}
 u - a potion of cancellation {unknown}

Dungeon Overview and Level Annotations

Branches:
Dungeon (4/15)
 Temple: D:4-7

Shops:
D:1 *   D:2 =?(([   D:3 *

Annotations:
D:3 1 runed translucent door, Crazy Yiuf
D:4 2 transporters

▒........▒ ▒.▒ ▒ ▒▒▒▒▒.▒▒▒▒
▒.▒ ▒ ▒.▒ ▒.▒ ▒ ▒▒'▒▒ ▒.▒ ▒
▒▒...▒▒ ▒▒▒.▒ ▒
▒▒.....▒▒▒▒...▒▒ ▒▒
▒▒.......▒▒.....▒▒ ▒.
▒.........▒......▒▒▒▒▒▒▒▒▒.
+.........p................
▒.........▒▒.....▒▒▒▒▒▒▒▒..
▒▒......o▒▒▒▒.▒.▒▒ ▒..
▒▒....K▒▒▒.....▒ ▒..
▒▒...▒▒ ▒<..[.▒ ▒▒. ▒▒o▒▒
▒.....▒ ▒. ▒.▒ ▒.....▒ ▒.
▒▒▒▒▒ ▒.▒ ▒.....▒ ▒.
......▒▒o▒▒ ▒▒▒▒.▒▒ ▒.


You could see an orc priest, an orc and a kobold.


Message History

You closely miss the orc priest.
The orc priest is heavily wounded.
The orc priest hits you from afar with a +0 trident.
* * * LOW HITPOINT WARNING * * *
The orc priest hits you with a +0 whip.
* * * LOW HITPOINT WARNING * * *
The orc hits you with a +0 dagger.
* * * LOW HITPOINT WARNING * * *
The orc priest barely misses you.
The orc priest hits you but does no damage.
The orc closely misses you.
You slash the orc priest!
You kill the orc priest!
The orc priest hits you but does no damage.
The orc hits you but does no damage.
The orc priest hits you from afar with a +0 trident.
* * * LOW HITPOINT WARNING * * *
The kobold hits you but does no damage. The orc closely misses you.
The orc attacks as you move away! The orc hits you with a +0 dagger.
* * * LOW HITPOINT WARNING * * *
The kobold attacks as you move away! The kobold hits you but does no damage.
The orc attacks as you move away! The orc closely misses you.
There is an open door here.
The orc priest mumbles some strange prayers to Beogh against you.
Beogh smites you!
You die...

Action                     |  1- 3 |  4- 6 || total
---------------------------+-------+-------++-------
  Melee: Lajatang          |       |     8 ||     8
   Fire: Shortbow          |    93 |    62 ||   155
    Use: Scroll            |       |     9 ||     9
 Armour: Leather armour    |     5 |    16 ||    21
  Dodge: Dodged            |    20 |    39 ||    59

Levels and vault maps discovered:
D:1:      dpeg_arrival_castle, layout_basic, serial_shops, shop, serial_forest,
          infiniplex_forest_lined_room_2, infiniplex_forest_clump_tiny,
          infiniplex_forest_straight_4, infiniplex_forest_clump_long,
          infiniplex_forest_zigzag_2, kennysheep_another_room
D:2:      layout_basic, serial_shops, shop_statue, shop, shop, shop, shop,
          dreamdust_ecumenical_altar_angels_and_demons
D:3:      layout_basic, serial_shops, nicolae_square_shop, saegor_snake_ambush,
          uniq_crazy_yiuf_cottage
D:4:      gammafunk_wand_slinger, layout_loops_corners,
          kiku_gazebo_garden_becter, abandoned_shop

Notes
Turn   | Place    | Note
-------+----------+-------------------------------------------
     0 | D:1      | sanka the Demigod Hunter began the quest for the Orb.
     0 | D:1      | Reached XP level 1. HP: 17/17 MP: 3/3
   132 | D:1      | Reached skill level 2 in Fighting
   278 | D:1      | Reached XP level 2. HP: 25/25 MP: 4/4
   398 | D:1      | Found Fizxomera's General Store.
   770 | D:2      | Found Poser's Jewellery Emporium.
   848 | D:2      | Reached skill level 3 in Fighting
   886 | D:2      | Reached XP level 3. HP: 26/31 MP: 5/5
   982 | D:2      | Identified the ring "Rexaih" {rPois rF++ rC+ rN+ Str+4}
  1085 | D:2      | Reached skill level 4 in Ranged Weapons
  1108 | D:2      | Found Qutyqysm's Antique Weapon Shoppe.
  1226 | D:2      | Found Haroryapta's Armour Boutique.
  1266 | D:2      | Found Quma's Weapon Emporium.
  1522 | D:2      | Found Fuurep's Magic Scroll Shop.
  1531 | D:2      | Reached XP level 4. HP: 38/38 MP: 6/6
  1586 | D:1      | Bought a scroll of blinking for 75 gold pieces
  2105 | D:3      | Found Ceokub's General Store.
  2297 | D:3      | Found a runed translucent door.
  2298 | D:3      | Noticed Crazy Yiuf
  2626 | D:4      | Found a transporter.
  2641 | D:4      | Reached skill level 4 in Fighting
  2641 | D:4      | Reached XP level 5. HP: 40/46 MP: 7/7
  2721 | D:4      | Noticed an ogre
  2743 | D:4      | Reached skill level 5 in Ranged Weapons
  2744 | D:4      | Killed an ogre
  2745 | D:4      | Reached XP level 6. HP: 6/53 MP: 8/8
  3086 | D:1      | Bought a scroll of identify for 20 gold pieces
  3086 | D:1      | Identified a scroll of acquirement
  3094 | D:1      | Acquired 969 gold pieces
  3151 | D:2      | Bought a scorched lajatang for 420 gold pieces
  3151 | D:2      | Identified the +6 lajatang "Zeach" {heavy, rN+} (You bought
                  | it in a shop on level 2 of the Dungeon)
  3203 | D:2      | Bought a +4 ring of protection for 504 gold pieces
  3442 | D:4      | Found a transporter.
  3458 | D:4      | Killed from afar by an orc priest

Vanquished Creatures
  An ogre (D:4)
  2 scorpions (D:4)
  An orc priest (D:4)
  3 gnolls (D:2)
  4 adders
  A worm (D:2)
  A dart slug (D:4)
  2 orcs
  4 bats
  6 endoplasms
  A giant cockroach (D:3)
  3 goblins
  3 hobgoblins
  8 jackals
  A quokka (D:2)
  7 ball pythons
  2 frilled lizards (D:2)
  5 kobolds
  4 rats
59 creatures vanquished.

Vanquished Creatures (others)
  2 withered plants (D:4)
2 creatures vanquished.

Grand Total: 61 creatures vanquished
